 Dungeon Crawl Stone Soup version 0.20-a0-1103-g26be02c (webtiles) character file.

61 sepiko the Conjurer (level 3, 0/26 HPs)
             Began as a Draconian Conjurer on May 5, 2017.
             Succumbed to an adder's poison
             ... on level 2 of the Dungeon.
             The game lasted 00:07:22 (1367 turns).

sepiko the Conjurer (Draconian Conjurer)            Turns: 1367, Time: 00:07:22

Health: 0/26       AC:  5    Str:  7 (10) XL:     3   Next: 83%
Magic:  1/6        EV: 12    Int: 15 (16) God:
Gold:   122        SH:  0    Dex:  9 (11) Spells: 5/6 levels left

rFire    . . .     SeeInvis .   h - +0 rapier (drain)
rCold    . . .     Gourm    .   (no shield)
rNeg     . . .     Faith    .   (armour unavailable)
rPois    .         Spirit   .   (helmet restricted)
rElec    .         Reflect  .   (no cloak)
rCorr    .         Harm     .   (no gloves)
MR       .....                  (no boots)
Stlth    +.........             (no amulet)
Regen    0.1/turn               f - ring of flight
MPRegen  0.1/turn               l - ring of loudness (curse)

@: lethally poisoned (0 -> -7), very slightly contaminated
A: unfitting armour, cold-blooded, AC +5
a: Evoke Flight


You were on level 2 of the Dungeon.
You were not hungry.

You visited 1 branch of the dungeon, and saw 2 of its levels.

You collected 122 gold pieces.

Inventory:

Hand Weapons
 d - a +0 club
 h - a +0 rapier of draining (weapon)
Jewellery
 f - a ring of flight (left hand)
 l - a cursed ring of loudness (right hand)
 n - an uncursed ring of fire {unknown}
Scrolls
 c - 2 scrolls of identify
Potions
 g - a potion of mutation {unknown}
 i - a potion of ambrosia {unknown}
 k - a potion of lignification {unknown}
Books
 a - a book of Conjurations

   Spells                             Type                      Level
   a - Magic Dart                     Conjuration                  1
   b - Searing Ray                    Conjuration                  2
   c - Dazzling Spray                 Conjuration/Hexes            3
   d - Fulminant Prism                Conjuration/Hexes            4
   e - Force Lance                    Conjuration/Translocation    4
   f - Iskenderun's Mystic Blast      Conjuration                  4
Comestibles
 b - 4 bread rations
 j - 3 fruits
 m - 4 chunks of flesh


   Skills:
 - Level 1.7 Dodging
 - Level 1.7 Stealth
 - Level 2.0 Spellcasting
 + Level 5.5 Conjurations


You had 5 spell levels left.
You knew the following spells:

 Your Spells              Type           Power        Failure   Level  Hunger
a - Magic Dart            Conj           ###.         2%          1    #......


Dungeon Overview and Level Annotations

Branches:
Dungeon (2/15)

Altars:


Innate Abilities, Weirdness & Mutations

Your plain brown scales are hard. (AC +5)
You cannot fit into any form of body armour.
You are cold-blooded and may be slowed by cold attacks.


Message History

You feel sick.
It was a potion of degeneration.
There was something very wrong with that liquid.
You feel weakened.
You feel dopey.
You feel clumsy. The adder closely misses you.
You closely miss the adder.
Your tail-slap misses the adder.
The adder is moderately wounded.
The adder bites you but does no damage. The adder bites you.
* * * LOW HITPOINT WARNING * * *
You are more poisoned.
The adder poisons you!
Casting: Magic Dart
Confirm with . or Enter, or press ? or * to list all spells.
Aiming: Magic Dart
Press: ? - help, Shift-Dir - straight line, f - adder
Aim: an adder (moderately wounded)
You miscast Magic Dart.
You are very lightly contaminated with residual magic.
Your skin glows momentarily.
You die...

####...# ......#.#.# #...#
#.##.##.#.# #...# #.....S.#.#
#...# #######w#.# #...# #..†#.#
#...# #.###<# #...# ##.###.#
#...##############...##.#
####...##.......@S).w....#.######
.......##.###########...##.......
.......##.# ##.##########
##.######.# ### # ##.#
#.################# # ##.#
##.................####### ##.#
##...#####...............##
##.####.###.# #.#####.##.####.##
##......# #.# #.# #.##.# #.##


You could see a worm and an adder.

Vanquished Creatures
  3 adders (D:2)
  An ooze (D:1)
  A worm (D:2)
  A dart slug (D:2)
  7 bats
  A giant cockroach (D:2)
  A hobgoblin (D:1)
  A frilled lizard (D:1)
  4 goblins
  4 kobolds
  3 rats
27 creatures vanquished.

Notes
Turn   | Place    | Note
-------+----------+-------------------------------------------
     0 | D:1      | sepiko the Draconian Conjurer began the quest for the Orb.
     0 | D:1      | Reached XP level 1. HP: 14/14 MP: 3/3
   241 | D:1      | Reached XP level 2. HP: 20/20 MP: 1/5
  1119 | D:2      | Reached skill level 5 in Conjurations
  1119 | D:2      | Reached XP level 3. HP: 19/26 MP: 1/6
  1366 | D:2      | HP: 1/26 [adder (4)]
  1367 | D:2      | Succumbed to an adder's poison

Vault maps used:
D:1:      dpeg_arrival_boxes_within_box
D:2:      minmay_box_of_dots

Skill      XL: |  1  2 |
---------------+-------+-----
Conjurations   | 5 |  5.5
Dodging        | |  1.7
Stealth        | |  1.7
Spellcasting   | |  2.0

Action                   || total
-------------------------++-------
Melee: Unarmed           ||    11
       Club              ||    22
       Tailslap          ||     3
       Rapier            ||    12
 Cast: Magic Dart        ||    49
  Use: Scroll            ||     2
       Potion            ||     1
  Eat: Chunk             ||     2
Armor: Skin              ||    39
Dodge: Dodged            ||    64
